 Dungeon Crawl Stone Soup version 0.22-a0-362-g535178c (webtiles) character file.

27 sankara the Sneak (level 2, -2/19 HPs)
             Began as a Vampire Enchanter on Apr 19, 2018.
             Slain by a gnoll
             ... wielding a +0 flail
              (11 damage)
             ... on level 1 of the Dungeon.
             The game lasted 00:06:30 (1599 turns).

sankara the Sneak (Vampire Enchanter)               Turns: 1599, Time: 00:06:30

Health: -2/19      AC:  2    Str:  7    XL:     2   Next: 93%
Magic:  2/5        EV: 12    Int: 17    God:
Gold:   40         SH:  0    Dex: 14    Spells: 2/5 levels left

rFire    . . .     SeeInvis +   a - +1 dagger
rCold    + . .     Gourm    .   (no shield)
rNeg     + + .     Faith    .   b - +0 robe
rPois    +         Spirit   .   (no helmet)
rElec    .         Reflect  .   (no cloak)
rCorr    .         Harm     .   (no gloves)
MR       .....                  (no boots)
Stlth    ++++......             (no amulet)
HPRegen  0.03/turn              (no ring)
MPRegen  0.09/turn              (no ring)

@: regenerating slowly
A: fangs 3, see invisible, unbreathing
a: no special abilities


You were on level 1 of the Dungeon.
You were near bloodless.

You visited 1 branch of the dungeon, and saw 2 of its levels.

You collected 40 gold pieces.

Inventory:

Hand Weapons
 a - a +1 dagger (weapon)
Missiles
 g - 3 throwing nets {=f, !d}
 h - 91 stones (quivered)
Armour
 b - a +0 robe (worn)
Scrolls
 e - 3 scrolls of identify {unknown}
 f - a scroll of immolation {unknown}
 i - 2 scrolls of remove curse {unknown}
 j - a scroll of fog {unknown}
 k - a scroll of random uselessness {unknown}
Potions
 c - 2 potions of curing {unknown}
 d - 8 potions of blood {@q1}


   Skills:
 - Level 1.1 Short Blades
 - Level 2.1 Dodging
 * Level 5.3 Stealth
 + Level 2.2 Spellcasting
 * Level 5.1 Hexes


You had 2 spell levels left.
You knew the following spells:

 Your Spells              Type           Power        Failure   Level  Hunger
a - Corona                Hex            ###....      2%          1    #......
b - Ensorcelled Hibernat  Hex/Ice        ##....       10%         2    ###....


Dungeon Overview and Level Annotations

Branches:
Dungeon (2/15)

Altars:
The Shining One


Innate Abilities, Weirdness & Mutations

You heal slowly.
You have razor-sharp teeth.
You have supernaturally acute eyesight. (SInv)
You can survive without breathing.


Message History

Casting: Ensorcelled Hibernation (safe; 11% risk of failure)
Confirm with . or Enter, or press ? or * to list all spells.
Aiming: Ensorcelled Hibernation (safe; 11% risk of failure)
Press: ? - help, Shift-Dir - straight line, f/p - hobgoblin
Aim: a hobgoblin, wielding a short sword (chance to defeat MR: 59%)
The hobgoblin looks drowsy...
The helpless hobgoblin fails to defend itself.
You bite the hobgoblin, and draw its blood!
You feel better.
You feel slightly less thirsty.
You puncture the hobgoblin!
You kill the hobgoblin!
Your Stealth skill increases to level 5!
Your magical contamination has completely faded away.
You start resting.
Magic restored.
HP restored.
You see here a short sword.
You open the door.
There is an open door here.
There is an open door here.
There is an open door here.
h - 91 stones (gained 21)
A bat comes into view.
Casting: Ensorcelled Hibernation (safe; 11% risk of failure)
Confirm with . or Enter, or press ? or * to list all spells.
Okay, then.
The bat barely misses you.
Casting: Ensorcelled Hibernation (safe; 11% risk of failure)
Confirm with . or Enter, or press ? or * to list all spells.
Aiming: Ensorcelled Hibernation (safe; 11% risk of failure)
Press: ? - help, Shift-Dir - straight line, f - bat
Aim: a bat (chance to defeat MR: 59%)
The bat looks drowsy...
The helpless bat fails to defend itself.
You bite the bat, and draw its blood!
You feel slightly less thirsty.
You puncture the bat!
You kill the bat!
You see here a bat corpse.
You bottle the corpse's blood.
d - 8 potions of blood {@q1} (gained 1)
You start resting.
Magic restored.
Found a stone staircase leading up.
Found a stone staircase leading down.
A dart slug comes into view.
The helpless dart slug fails to defend itself.
You impale the dart slug!!
You kill the dart slug!
You see here a dart slug corpse.
You see here a dagger.
You now have 40 gold pieces (gained 16).
You open the door. 3 gnolls come into view.
A gnoll comes into view. It is wielding an antimagic spear.
There is an open door here.
The gnoll shouts!
The gnoll throws a throwing net.
The throwing net hits you.
You become entangled in the net!
You see here a throwing net {=f, !d}.
You struggle against the net.
The gnoll hits you from afar with an antimagic spear!
You feel your power leaking away.
You struggle against the net.
The gnoll barely misses you.
An adder comes into view.
You shred the net and break free!
The gnoll throws a throwing net.
The throwing net barely misses you.
Things that are here:
a throwing net {=f, !d}; a dagger
g - 3 throwing nets {=f, !d} (gained 1) Sorry, you're not good enough to have a special ability.
Unknown command.
Casting: Ensorcelled Hibernation (safe; 11% risk of failure)
Confirm with . or Enter, or press ? or * to list all spells.
Aiming: Ensorcelled Hibernation (safe; 11% risk of failure)
Press: ? - help, Shift-Dir - straight line, f - gnoll
Aim: a gnoll (chance to defeat MR: 50%)
The gnoll resists with some effort.
You feel almost devoid of blood!
Casting: Ensorcelled Hibernation (safe; 11% risk of failure)
Confirm with . or Enter, or press ? or * to list all spells.
Aiming: Ensorcelled Hibernation (safe; 11% risk of failure)
Press: ? - help, Shift-Dir - straight line, f/p - gnoll
Aim: a gnoll (chance to defeat MR: 50%)
The gnoll looks drowsy...
The helpless gnoll fails to defend itself.
You bite the gnoll, and draw its blood!
You feel better.
You feel slightly less thirsty.
You impale the gnoll!!
You kill the gnoll!
Your Hexes skill increases to level 5!
Casting: Ensorcelled Hibernation (safe; 10% risk of failure)
Confirm with . or Enter, or press ? or * to list all spells.
You don't have enough magic to cast that spell.
A hobgoblin comes into view.
A frilled lizard comes into view.
There is a stone staircase leading up here.
The gnoll hits you with a flail.
You climb upwards.
There is a stone staircase leading down here.
The gnoll hits you with a flail!
Ouch! That really hurt!
You die...

..###...# ##.........#
#.......#########..######.##
#####.............## ##.#
..........######.#### ##..#####
#####...##### #....###..##...#
.# #.......# ####.....###...#
.####...###.## ###)..######...#
....#...# #..###>....#........#
.##.#...# ##..##@g.....##.....#
.......#####......####.##.#...#
####...............###....#...#
# ##..####..#..##..##..#######
#####..........####..##.##
........#..#..## ##.....#
######.........#####..##.##
#.........)...........#
#.#...........###.....##


You could see a gnoll.

Vanquished Creatures
  A gnoll (D:2)
  A dart slug (D:2)
  A goblin (D:1)
  2 hobgoblins
  A ball python (D:1)
  3 bats
  4 kobolds (D:1)
  4 rats
17 creatures vanquished.

Notes
Turn   | Place    | Note
-------+----------+-------------------------------------------
     0 | D:1      | sankara the Vampire Enchanter began the quest for the Orb.
     0 | D:1      | Reached XP level 1. HP: 13/13 MP: 3/3
   351 | D:1      | HP: 1/13 [kobold/short sword (5)]
   750 | D:1      | Reached XP level 2. HP: 18/19 MP: 3/5
  1299 | D:2      | Learned a level 2 spell: Ensorcelled Hibernation
  1364 | D:2      | Found a glowing golden altar of the Shining One.
  1397 | D:2      | Reached skill level 5 in Stealth
  1581 | D:2      | Reached skill level 5 in Hexes
  1599 | D:1      | Slain by a gnoll

Vault maps used:
D:1:      tarquinn_simple_flora_water_a
D:2:      tso_metal_star, first_ration, wad_floor_pattern_1

Skill      XL: |  1  2 |
---------------+-------+-----
Stealth        | 5 |  5.3
Hexes          | 5 |  5.1
Short Blades   | |  1.1
Dodging        | |  2.1
Spellcasting   | |  2.2

Action                   || total
-------------------------++-------
Melee: Dagger            ||    51
       Bite              ||     3
Throw: Stone             ||     4
 Cast: Corona            ||    13
       Ensorcelled Hiber ||     5
 Stab: Sleeping          ||     6
Armor: Robe              ||     8
Dodge: Dodged            ||    41

Table legend:
 A = Spawn XP
 B = Non-spawn XP
 C = Spawn XP percentage of total XP
 D = Spawn monster count
 E = Non-spawn monster count
 F = Spawn count percentage of total count
 G = Total turns spent on level
                    A         B        C        D         E        F      G
               +---------+---------+-------+---------+---------+-------+---------
         Total |       0 |      39 |   0.0 |       0 |      17 |   0.0 |  1599
               +---------+---------+-------+---------+---------+-------+---------
           D:1 |       0 |      16 |   0.0 |       0 |      12 |   0.0 |  1296
           D:2 |       0 |      23 |   0.0 |       0 |       5 |   0.0 |   303
               +---------+---------+-------+---------+---------+-------+---------

Vault maps used:
D:1:      tarquinn_simple_flora_water_a
D:2:      tso_metal_star, first_ration, wad_floor_pattern_1

Table legend:
 A = Turns spent in this place as a percentage of turns spent in the entire game.
 B = Non-inter-level travel turns spent in this place as a percentage of non-inter-level travel turns spent in the entire game.
 C = Inter-level travel turns spent in this place as a percentage of turns spent in this place.
 D = Turns resting spent in this place as a percentage of non-inter-level travel turns spent in this place.
 E = Turns spent auto-exploring this place as a percentage of non-inter-level travel turns spent in this place.
 F = Non-inter-level travel turns spent in this place divided by the number of levels of this place that you've seen.
                   A       B       C       D       E      F
               +-------+-------+-------+-------+-------+----------------------
         Total | 100.0 | 100.0 |   0.7 |  28.2 |  30.1 | 794.0
       Dungeon | 100.0 | 100.0 |   0.7 |  28.2 |  30.1 | 794.0
               +-------+-------+-------+-------+-------+----------------------

Table legend:
 A = Kills in this place as a percentage of kills in entire the game.
 B = Kills by you in this place as a percentage of kills by you in the entire game.
 C = Kills by friends in this place as a percentage of kills by friends in the entire game.
 D = Other kills in this place as a percentage of other kills in the entire game.
 E = Experience gained in this place as a percentage of experience gained in the entire game.
 F = Experience gained in this place divided by the number of levels of this place that you have seen.
                   A       B       C       D       E      F
               +-------+-------+-------+-------+-------+----------------------
         Total | 100.0 | 100.0 |   N/A |   N/A | 100.0 |  19.5
       Dungeon | 100.0 | 100.0 |   N/A |   N/A | 100.0 |  19.5
               +-------+-------+-------+-------+-------+----------------------
